 Dungeon Crawl Stone Soup version 0.28-a0-1404-g4df0f3684d (webtiles) character file.

Game seed: 7481522371534095453

1215 southernslant the Skirmisher (level 8, -17/50 HPs)
             Began as a Gargoyle Gladiator on Jan 6, 2022.
             Killed from afar by Ijyb (21 damage)
             ... with a bolt of acid
             ... on level 5 of the Dungeon.
             The game lasted 00:18:09 (5674 turns).

southernslant the Skirmisher (Gargoyle Gladiator)   Turns: 5674, Time: 00:18:09

Health: -17/50     AC: 13    Str: 19    XL:     8   Next: 46%
Magic:  6/8        EV: 17    Int:  8    God:
Gold:   259        SH:  0    Dex: 13    Spells: 7/7 levels left

rFire   . . .      SeeInvis .   n - +2 spear (vorpal)
rCold   . . .      Faith    .   (no shield)
rNeg    + . .      Spirit   .   b - +0 leather armour
rPois   ∞          Reflect  .   c - +0 helmet
rElec   +          Harm     .   (no cloak)
rCorr   .          Rampage  .   r - +2 pair of gloves {infuse}
Will    +....                   (no boots)
Stlth   ++........              (no amulet)
HPRegen 0.16/turn               o - +4 ring of evasion
MPRegen 0.11/turn               l - ring of willpower

@: no status effects
A: sickness immunity, AC +5, negative energy resistance 1, electricity
resistance, torment resistance 1, petrification resistance
a: no special abilities


You were on level 5 of the Dungeon.
You visited 1 branch of the dungeon, and saw 5 of its levels.
You also visited: Sewer.

You collected 259 gold pieces.

Inventory:

Hand Weapons
 a - a +0 quarterstaff
 n - a +2 vorpal spear (weapon)
 p - a +1 dagger of freezing
 q - a +2 halberd of protection
Missiles
 d - 3 throwing nets
 g - 173 stones (quivered)
 A - 2 curare-tipped darts
Armour
 b - a +0 leather armour (worn)
 c - a +0 helmet (worn)
 r - a +2 pair of gloves of infusion (worn)
 w - a +0 scale mail
Jewellery
 i - a ring of fire
 l - a ring of willpower (right hand)
 o - a +4 ring of evasion (left hand)
Wands
 t - a wand of paralysis (9)
Scrolls
 e - a scroll of amnesia
 f - 3 scrolls of summoning {unknown}
 j - a scroll of fog {unknown}
 k - 3 scrolls of identify
 u - 2 scrolls of noise {unknown}
 x - a scroll of silence {unknown}
 y - a scroll of enchant weapon {unknown}
 z - a scroll of enchant armour {unknown}
Potions
 h - 5 potions of curing
 m - a potion of attraction {unknown}
 s - a potion of heal wounds {unknown}
 v - 3 potions of mutation {unknown}
 B - a potion of haste {unknown}


   Skills:
 * Level 5.5 Fighting
 * Level 4.1(4.5) Polearms
 - Level 3.1(4.3) Staves
 + Level 3.3 Throwing
 * Level 5.1 Armour
 + Level 3.8 Dodging
 + Level 2.2 Stealth


You had 7 spell levels left.
You didn't know any spells.
Your spell library contained the following spells:

 Spells                   Type           Power      Damage    Failure   Level
 Sting                    Tmut/Pois      0%         1d3       45%         1
 Poisonous Vapours        Pois/Air       0%         N/A       58%         2
 Gell's Gravitas          Tloc           0%         N/A       83%         3
 Lesser Beckoning         Tloc           0%         N/A       83%         3
 Teleport Other           Tloc           0%         N/A       83%         3
 Olgreb's Toxic Radiance  Pois           0%         N/A       99%         4


Dungeon Overview and Level Annotations

Branches:
Dungeon (5/15)              Sewer (visited)
 Temple: D:4-7

Altars:
Qazlal
Sif Muna
Zin

Shops:
D:1 ?   D:2 =   D:5 *

Annotations:
D:5 Ijyb


Innate Abilities, Weirdness & Mutations

You are immune to sickness and miasma.
Your stone body is resilient. (AC +5)
You are immune to poison.
You resist negative energy. (rN+)
You are resistant to electric shocks. (rElec)
You are resistant to unholy torment.
You are immune to petrification.


Message History

There is an open door here.
There is an open door here.
You open the door.
There is an open door here.
You open the door.
Found a glowing silver altar of Zin.
There is an open door here.
You open the door.
Found a stormy altar of Qazlal.
There is an open door here.
You open the door.
Found a shimmering blue altar of Sif Muna.
There is an open door here.
There is an open door here.
You open the door.
There is an open door here.
You open the door.
There is an open door here.
Found a stone staircase leading up.
Ijyb the Twisted Goblin comes into view.
She is wielding a +4 spectral club and carrying a wand of acid (8).
Ijyb is nearby!
You reach to attack!
You closely miss Ijyb. You hit Ijyb.
Ijyb is moderately wounded.
Ijyb screams, "No!
No, no, no, no!"
Ijyb zaps a wand.
The bolt of acid hits you!!!
Ouch! That really hurt!
* * * LOW HITPOINT WARNING * * *
You are too injured to fight recklessly!
You are too injured to fight recklessly!
You barely miss Ijyb.
Ijyb is moderately wounded.
Ijyb hits you with a +4 spectral club!
* * * LOW HITPOINT WARNING * * *
You closely miss Ijyb.
Ijyb is moderately wounded.
You puncture Ijyb!
Ijyb is severely wounded.
Ijyb zaps a wand.
The bolt of acid hits you!!
You die...

............
............ ..#
............ ..+
............ ..##+###
...#'####### #......#
...#.......# #......#
...#.......+ +......#
...##..#########......#
#####..###......@g....#
.........'............#
.........#........$...#
.........#............#
##.###...#............#
##.###...#######....<.#
..........# #......#
..........# #......#
########### ......#


You could see Ijyb.

Vanquished Creatures
  Sigmund (D:5)
  Duvessa (D:5)
  An ice beast (D:3)
  A necrophage (D:4)
  An ogre (D:4)
  A centaur (D:5)
  A bullfrog (Sewer)
  Dowan (D:5)
  A hound (D:5)
  An orc priest (D:3)
  A gnoll shaman (D:5)
  2 orc wizards (D:3)
  Robin (D:2)
  14 adders
  4 gnolls (D:5)
  An adder skeleton (D:4)
  3 worms
  A dart slug (D:3)
  19 orcs
  16 ball pythons
  8 bats
  8 endoplasms
  15 giant cockroaches
  11 goblins
  11 hobgoblins
  2 jackals (D:2)
  13 quokkas
  14 frilled lizards
  8 kobolds
  4 rats (D:1)
166 creatures vanquished.

Notes
Turn   | Place    | Note
-------+----------+-------------------------------------------
     0 | D:1      | southernslant the Gargoyle Gladiator began the quest for
                  | the Orb.
     0 | D:1      | Reached XP level 1. HP: 12/12 MP: 1/1
    73 | D:1      | Found Xotaug's Magic Scroll Shoppe.
   371 | D:1      | Reached XP level 2. HP: 18/18 MP: 2/2
   537 | D:1      | Reached skill level 1 in Armour
   610 | D:1      | Found a faded altar of an unknown god.
   834 | D:1      | Reached XP level 3. HP: 21/22 MP: 3/3
  1218 | D:2      | Found Ceovuosh's Jewellery Emporium.
  1291 | D:2      | Found a shimmering blue altar of Sif Muna.
  1462 | D:2      | Reached XP level 4. HP: 27/27 MP: 4/4
  1471 | D:2      | Noticed Robin
  1490 | D:2      | Killed Robin
  1491 | D:2      | Reached skill level 1 in Polearms
  2200 | D:3      | Found a glowing drain.
  2212 | Sewer    | Entered a sewer
  2284 | Sewer    | Reached XP level 5. HP: 32/32 MP: 5/5
  2646 | Sewer    | Reached XP level 6. HP: 30/38 MP: 6/6
  3419 | D:3      | Noticed an ice beast
  3434 | D:3      | Killed an ice beast
  3435 | D:3      | Reached XP level 7. HP: 28/44 MP: 1/7
  4750 | D:5      | Entered Level 5 of the Dungeon
  4750 | D:5      | Noticed Dowan
  4750 | D:5      | Found Tumehof's General Store.
  4753 | D:5      | Noticed Duvessa
  4760 | D:4      | Reached skill level 1 in Stealth
  4972 | D:5      | Reached skill level 5 in Fighting
  4972 | D:5      | Reached XP level 8. HP: 36/49 MP: 1/8
  5292 | D:5      | Noticed Sigmund
  5302 | D:5      | Killed Sigmund
  5448 | D:5      | Killed Duvessa
  5449 | D:5      | Reached skill level 5 in Armour
  5451 | D:5      | Killed Dowan
  5613 | D:5      | Found a glowing silver altar of Zin.
  5616 | D:5      | Found a stormy altar of Qazlal.
  5621 | D:5      | Found a shimmering blue altar of Sif Muna.
  5667 | D:5      | Noticed Ijyb
  5674 | D:5      | Killed from afar by Ijyb

Illustrated notes

Levels and vault maps discovered:
D:1:      dpeg_arrival_refuge, layout_basic, basic_ecumenical_altar,
          serial_shops, nicolae_shop_trees, minmay_vboxes
D:2:      wander_river, layout_basic, basic_altar, serial_shops,
          nicolae_square_shop, uniq_robin
D:3:      layout_basic, cheibrodos_sewer_entry_drain
D:4:      layout_basic
D:5:      layout_gridville, grunt_temple_overflow_diamond, serial_shops,
          nicolae_take_the_stairs, uniq_crazy_yiuf_cottage, uniq_ijyb,
          uniq_duvessa, uniq_sigmund

Skill      XL: |  1  2  3  4  5  6  7  8 |
---------------+-------------------------+-----
Armour         | 1 2 3 4 5 |  5.1
Throwing       | 2 3 |  3.3
Fighting       | 3 4 5 |  5.5
Polearms       | 1 2 3 4 |  4.1
Dodging        | 3 |  3.8
Stealth        | 1 2 |  2.2
Staves         | |  3.1

Action                   |  1- 3 |  4- 6 |  7- 9 || total
-------------------------+-------+-------+-------++-------
Melee: Quarterstaff      |    72 |       |       ||    72
       Spear             |    29 |   246 |   115 ||   390
       Punch             |     1 |     5 |       ||     6
Throw: Stone             |     3 |    21 |    19 ||    43
       Throwing net      |     1 |       |       ||     1
       Dart              |       |       |     5 ||     5
  Use: Scroll            |       |     1 |     1 ||     2
 Stab: Sleeping          |       |     2 |     3 ||     5
Armor: Leather armour    |    25 |    56 |    29 ||   110
Dodge: Dodged            |    69 |   174 |    61 ||   304

Table legend: (Time is in decaauts)
 A = Elapsed time spent in this place.
 B = Non-inter-level travel time spent in this place.
 C = Inter-level travel time spent in this place.
 D = Time resting spent in this place.
 E = Time spent auto-exploring this place.
 F = Levels seen in this place.
 G = Mean time per level.
                   A        B        C        D        E       F      G
               +--------+--------+--------+--------+--------+-----+--------+
         Total |   5802 |   5764 |     38 |      0 |   3993 |   6 |  967.0 |
       Dungeon |   5065 |   5027 |     38 |      0 |   3680 |   5 | 1013.0 |
         Sewer |    737 |    737 |      0 |      0 |    312 |   1 |  737.0 |
               +--------+--------+--------+--------+--------+-----+--------+

Top non-repeatable levels by time:
     D:4: 1369 daAuts
     D:1: 1180 daAuts
     D:3: 1046 daAuts
     D:2: 952 daAuts
   Sewer: 737 daAuts
     D:5: 516 daAuts
